 Dungeon Crawl Stone Soup version 0.16-a0-3465-g53c7d0b (webtiles) character file.

145 Jon2 the Sneak (level 5, -1/35 HPs)
             Began as a Vampire Enchanter on Jan 2, 2015.
             Was a Follower of Dithmenos.
             Slain by an orc
             ... wielding a +0 trident
              (6 damage)
             ... on level 4 of the Dungeon.
             The game lasted 00:18:41 (4475 turns).

Jon2 the Sneak (Vampire Enchanter)                  Turns: 4475, Time: 00:18:41

Health: -1/35      AC:  6    Str:  7    XL:     5   Next: 6%
Magic:  1/9        EV: 13    Int: 18    God:    Dithmenos [*.....]
Gold:   203        SH:  0    Dex: 14    Spells: 2 memorised, 3 levels left

rFire  . . .     SeeInvis +     (no weapon)
rCold  + . .     Clarity  .     b - +2 robe
rNeg   + + .     SustAb   .     (no shield)
rPois  +         Gourm    .     (no helmet)
rElec  .         Spirit   .     f - +1 cloak
rCorr  .         Warding  .     (no gloves)
rMut   .         Stasis   .     (no boots)
MR     .....                    (no amulet)
Stlth  ++++......               (no ring)
                                (no ring)

@: very slightly contaminated, regenerating slowly, hasted, wreathed by umbra,
very quick, not resistant to hostile enchantments, stealthy
A: bottle blood, fangs 3, see invisible, unbreathing
a: Bat Form, Renounce Religion


You were on level 4 of the Dungeon.
You worshipped Dithmenos.
Dithmenos was aware of your devotion.
You were thirsty.

You visited 1 branch of the dungeon, and saw 4 of its levels.

You collected 203 gold pieces.

Inventory:

Hand weapons
 a - a +1 dagger
Armour
 b - a +2 robe (worn)
 f - a +1 cloak (worn)
Magical devices
 j - a wand of flame (18)
Scrolls
 g - 3 scrolls of identify
 h - a scroll of amnesia
Books
 c - a book of Maledictions

   Spells                             Type                      Level
   a - Corona                         Hexes                        1
   b - Sure Blade                     Hexes/Charms                 2
   c - Ensorcelled Hibernation        Hexes/Ice                    2
   d - Confuse                        Hexes                        3
   e - Dazzling Spray                 Conjuration/Hexes            3
   f - Enslavement                    Hexes                        4
 d - a book of the Warp

   Spells                             Type                      Level
   a - Recall                         Summoning/Translocation      3
   b - Control Teleport               Charms/Translocation         4
   c - Force Lance                    Conjuration/Translocation    4
   d - Phase Shift                    Translocation                5
   e - Warp Weapon                    Charms/Translocation         5
   f - Summon Forest                  Summoning/Translocation      5
   g - Gell's Gravitas                Hexes/Translocation          6


   Skills:
 * Level 3.5 Short Blades
 + Level 3.5 Dodging
 + Level 5.4 Stealth
 - Level 2.0 Spellcasting
 + Level 5.1 Hexes


You had 3 spell levels left.
You knew the following spells:

 Your Spells              Type           Power        Failure   Level  Hunger
a - Confuse               Hex            ###.....     10%         3    ###....
b - Ensorcelled Hibernat  Hex/Ice        ##....       12%         2    ###....


Dungeon Overview and Level Annotations

Branches:
Dungeon (4/15)
 Temple: D:4-7

Altars:
Cheibriados
Dithmenos

Annotations:
D:4 Tyryt0's ghost, experienced FoFi


Innate Abilities, Weirdness & Mutations

You heal slowly.
You can bottle blood from corpses.
You have razor-sharp teeth.
You have supernaturally acute eyesight.
You can survive without breathing.


Message History

The orc is heavily wounded.
The orc barely misses you.
You closely miss the orc.
The orc is heavily wounded.
The orc misses you.
You hit the orc but do no damage.
The orc is heavily wounded.
The orc hits you from afar with a trident.
* * * LOW HITPOINT WARNING * * *
You hit the orc but do no damage.
The orc is heavily wounded.
The orc barely misses you.
You aren't carrying any potions.
Use which ability? (? or * to list)
Okay, then.
Unknown command.
You barely miss the orc.
The orc is moderately wounded.
The orc hits you from afar with a trident.
You die...

... .!..## ....#
#..... ##......
#########...#..#
#.....@oog.##oo#
########o.###..#
#..####o##
##..##...#
#g.....)###
#.....#...##
#.#######=.####
#..# ##.....
#.## #..####


You could see 3 orcs and a hobgoblin.

Vanquished Creatures
  A worker ant (D:4)
  A giant mite (D:2)
  2 adders
  2 worms (D:2)
  An adder zombie (D:4)
  2 giant geckos
  2 oozes
  3 orcs (D:4)
  9 bats
  5 giant cockroaches
  6 hobgoblins
  7 jackals
  8 kobolds
  2 quokkas
  A ball python (D:3)
  4 giant newts
  9 goblins
  A quokka skeleton (D:4)
  22 rats
88 creatures vanquished.

Notes
Turn   | Place    | Note
--------------------------------------------------------------
     0 | D:1      | Jon2, the Vampire Enchanter, began the quest for the Orb.
     0 | D:1      | Reached XP level 1. HP: 13/13 MP: 3/3
   301 | D:1      | Reached XP level 2. HP: 17/19 MP: 4/4
   317 | D:1      | Learned a level 2 spell: Ensorcelled Hibernation
   611 | D:1      | Reached skill level 5 in Stealth
  1036 | D:1      | Reached XP level 3. HP: 24/24 MP: 6/6
  1619 | D:2      | Found a shadowy altar of Dithmenos.
  1623 | D:2      | Became a worshipper of Dithmenos the Shadowed
  1844 | D:2      | Reached XP level 4. HP: 27/30 MP: 2/7
  2411 | D:3      | Found a snail-covered altar of Cheibriados.
  2792 | D:4      | Reached skill level 5 in Hexes
  2805 | D:4      | Learned a level 3 spell: Confuse
  2849 | D:4      | Noticed Tyryt0's ghost (experienced FoFi)
  3495 | D:4      | Reached XP level 5. HP: 35/35 MP: 7/9
  4246 | D:4      | Noticed a phantom
  4283 | D:4      | Found Daniul's Magic Scroll Shop.
  4475 | D:4      | Slain by an orc

Action                   |  1- 3 |  4- 6 || total
-------------------------+-------+-------++-------
Melee: Dagger            |   209 |   155 ||   364
       Unarmed           |       |    35 ||    35
 Cast: Ensorcelled Hiber |     9 |    13 ||    22
       Confuse           |       |     4 ||     4
  Use: Potion            |     2 |     8 ||    10
       Scroll            |     7 |     3 ||    10
 Stab: Sleeping          |     7 |    12 ||    19
       Confused          |       |     3 ||     3
  Eat: Corpse            |     4 |     2 ||     6
